 Dungeon Crawl Stone Soup version 0.28.0-45-g0d030f2227 (webtiles) character file.

Game seed: 4003757634925415295

11638 protoss039 the Fighter (level 11, -19/91 HPs)
             Began as a Demonspawn Earth Elementalist on May 15, 2022.
             Was a Priest of Vehumet.
             Demolished by Erolcha
             ... wielding a +7 giant spiked club
              (24 damage)
             ... on level 10 of the Dungeon.
             The game lasted 00:20:54 (11704 turns).

protoss039 the Fighter (DsEE)                      Turns: 11704, Time: 00:20:54

Health: -19/91     AC: 13    Str:  9    XL:     11   Next: 51%
Magic:  24/24      EV: 12    Int: 21    God:    Vehumet [***...]
Gold:   658        SH:  0    Dex: 13    Spells: 17/29 levels left

rFire   . . .      SeeInvis +   D - +3 hand axe (vorpal)
rCold   . . .      Faith    .   (no shield)
rNeg    . . .      Spirit   .   P - +2 robe {Will+}
rPois   .          Reflect  .   m - +0 helmet
rElec   .          Harm     .   (no cloak)
rCorr   .          Rampage  .   N - +0 pair of gloves
Will    +....                   (no boots)
Stlth   +.........              (no amulet)
HPRegen 0.25/turn               K - ring of see invisible
MPRegen 0.19/turn               x - +4 ring of protection

@: silenced, hasted, very quick
A: molten scales 2, spiny 3, weakness stinger 1
a: Renounce Religion


You were on level 10 of the Dungeon.
You worshipped Vehumet.
Vehumet was most pleased with you.
You visited 2 branches of the dungeon, and saw 11 of its levels.
You also visited: Bailey.

You collected 658 gold pieces.

Inventory:

Hand Weapons
 l - a +0 scimitar of flaming
 D - a +3 vorpal hand axe (weapon)
 O - a +3 whip of freezing
Missiles
 c - 29 stones
 I - a throwing net
Armour
 m - a +0 helmet (worn)
 N - a +0 pair of gloves (worn)
 P - a +2 robe of willpower (worn)
Magical Staves
 L - a staff of fire
Jewellery
 d - a ring of wizardry
 p - a ring of flight
 r - a ring of resist corrosion
 s - a +6 ring of dexterity
 x - a +4 ring of protection (right hand)
 G - a ring of poison resistance
 K - a ring of see invisible (left hand)
Wands
 y - a wand of digging (5)
 z - a wand of charming (7)
 M - a wand of acid (9)
Scrolls
 a - a scroll of enchant armour {unknown}
 b - 2 scrolls of fog {unknown}
 f - a scroll of identify
 h - 3 scrolls of amnesia
 i - 2 scrolls of silence
 t - a scroll of acquirement {unknown}
 w - a scroll of immolation {unknown}
 A - 2 scrolls of vulnerability {unknown}
 B - a scroll of noise {unknown}
 C - a scroll of enchant weapon {unknown}
 F - a scroll of teleportation {unknown}
 H - a scroll of summoning {unknown}
 J - a scroll of magic mapping {unknown}
Potions
 e - 3 potions of attraction
 g - 3 potions of might
 j - 2 potions of degeneration {unknown}
 k - a potion of heal wounds {unknown}
 o - 2 potions of flight {unknown}
 q - a potion of mutation {unknown}
 u - a potion of curing {unknown}
 v - a potion of resistance {unknown}
 E - 2 potions of brilliance
 Q - a potion of lignification {unknown}


   Skills:
 * Level 10.2 Fighting
 + Level 3.6 Armour
 - Level 2.0 Dodging
 - Level 2.0 Stealth
 * Level 9.6 Spellcasting
 + Level 6.8 Conjurations
 + Level 2.4 Transmutations
 + Level 1.7 Fire Magic
 + Level 7.3 Earth Magic


You had 17 spell levels left.
You knew the following spells:

 Your Spells              Type           Power      Damage    Failure   Level
a - Sandblast             Erth           80%        2d17      1%          1
b - Passwall              Tmut/Erth      25%        N/A       1%          2
c - Stone Arrow           Conj/Erth      78%        3d11      1%          3
d - Static Discharge      Conj/Air       24%        N/A       1%          2
e - Flame Wave            Conj/Fire      28%        2d8       3%          4

Your spell library contained the following spells:

 Spells                   Type           Power      Damage    Failure   Level
 Dazzling Flash           Conj/Hex       48%        N/A       1%          3
 Scorch                   Fire           34%        2d6       1%          2
 Petrify                  Tmut/Erth      30%        N/A       9%          4
 Summon Cactus Giant      Summ           5%         N/A       100%        6


Dungeon Overview and Level Annotations

Branches:
Dungeon (10/15)            Temple (1/1) D:5            Lair (0/6) D:10
 Bailey (visited)
    Orc: D:9-12

Altars:
Ashenzari
Cheibriados
Dithmenos
Elyvilon
Fedhas
Gozag
Hepliaklqana
Kikubaaqudgha
Makhleb
Nemelex Xobeh
Okawaru
Qazlal
Ru
Sif Muna
Trog
Uskayaw
Vehumet
Wu Jian
Xom
Yredelemnul
Zin
The Shining One

Annotations:
D:10 Erolcha


Innate Abilities, Weirdness & Mutations

You are mostly covered in molten scales. (AC +3)
You are completely covered in sharp spines.
You have a small tail.


Message History

As you read the scroll of silence, it crumbles to dust.
A profound silence engulfs you.
Unknown command.
Unknown command.
Things that are here:
a +0 shortbow; 31 arrows; a water moccasin corpse Unknown command.
Unknown command.
Erolcha hits you with a +7 giant spiked club!!
Unknown command.
You slash Erolcha!
You tail-slap Erolcha, but do no damage.
Erolcha is moderately wounded.
Erolcha barely misses you.
Unknown command.
You barely miss Erolcha.
Erolcha is moderately wounded.
Erolcha barely misses you.
Erolcha hits you with a +7 giant spiked club!!
Unknown command.
You hit Erolcha.
Your tail-slap misses Erolcha.
Erolcha is moderately wounded.
Erolcha is struck by your spines.
Erolcha hits you with a +7 giant spiked club!
Unknown command.
You closely miss Erolcha.
Erolcha is heavily wounded.
Erolcha barely misses you.
Unknown command.
You closely miss Erolcha.
Erolcha is heavily wounded.
Erolcha hits you with a +7 giant spiked club.
Erolcha is struck by your spines.
Erolcha hits you with a +7 giant spiked club!!
* * * LOW HITPOINT WARNING * * *
Unknown command.
Unknown command.
You feel yourself speed up. Erolcha is struck by your spines.
Erolcha hits you with a +7 giant spiked club!!
You die...

........##################..
#######.# #.. #.# #.. #.# #..
#)# #.. #.# ####.. ########.#
#......
.........#############.......
>.........).@Oh.........P....
################..#P..♣...P
##.!..P..P(. #.P.....l.P
#..W†P..... #....O.P...
#..♣....>.. ........P..
...♣.......P


You could see Erolcha (invisible) and a black bear (unsilenced).

Vanquished Creatures
  Gastronok (D:8)
  2 vault guards (Bailey)
  Erica (D:8)
  A troll (D:9)
  A queen bee (shapeshifter) (D:9)
  Prince Ribbit (Bailey)
  2 hornets
  4 slime creatures (D:9)
  A wraith (D:6)
  4 wyverns
  4 yaks (D:9)
  5 humans (Bailey)
  A steam dragon (D:7)
  4 water moccasins
  2 orc warriors
  3 black bears
  A wolf (D:10)
  An ogre (D:2)
  4 centaurs
  A phantom (D:6)
  2 kobold brigands
  20 bullfrogs
  2 gnoll sergeants
  3 scorpions
  A wyvern skeleton (D:6)
  6 killer bees
  3 howler monkeys
  A bullfrog zombie (D:6)
  2 centaur zombies
  10 hounds
  2 orc priests (D:8)
  2 gnoll shamans
  2 bullfrog skeletons
  An iguana (D:4)
  2 orc wizards
  A hound zombie (D:4)
  A howler monkey zombie (D:5)
  Robin (D:3)
  17 gnolls
  10 adders
  A shadow imp (D:6)
  A white imp (D:6)
  An ufetubus (D:6)
  A worm (D:5)
  3 dart slugs
  15 orcs
  9 ball pythons
  4 endoplasms
  15 goblins
  11 hobgoblins
  13 kobolds
  A quokka (D:5)
  4 bats
  6 frilled lizards
  4 rats
222 creatures vanquished.

Vanquished Creatures (others)
  7 fungi
  20 plants (D:10)
27 creatures vanquished.

Grand Total: 249 creatures vanquished

Notes
Turn   | Place    | Note
-------+----------+-------------------------------------------
     0 | D:1      | protoss039 the Demonspawn Earth Elementalist began the
                  | quest for the Orb.
     0 | D:1      | Reached XP level 1. HP: 13/13 MP: 3/3
    37 | D:1      | Reached skill level 1 in Transmutations
   394 | D:1      | Gained mutation: You are partially covered in molten
                  | scales. (AC +2) [demonic ancestry]
   394 | D:1      | Reached XP level 2. HP: 19/19 MP: 5/5
   982 | D:2      | Learned a level 2 spell: Passwall
  1127 | D:2      | Gained mutation: You are partially covered in sharp spines.
                  | [demonic ancestry]
  1127 | D:2      | Reached XP level 3. HP: 17/25 MP: 3/6
  1266 | D:2      | Reached skill level 1 in Fighting
  1277 | D:2      | Noticed an ogre
  1282 | D:2      | Killed an ogre
  1283 | D:2      | Reached skill level 2 in Fighting
  1283 | D:2      | Reached XP level 4. HP: 33/33 MP: 3/8
  1703 | D:2      | Learned a level 3 spell: Stone Arrow
  1875 | D:3      | Reached XP level 5. HP: 39/39 MP: 9/9
  1909 | D:3      | Found a faded altar of an unknown god.
  1969 | D:3      | Noticed Robin
  1992 | D:3      | Killed Robin
  2782 | D:4      | Reached skill level 1 in Conjurations
  2968 | D:4      | Reached skill level 3 in Fighting
  3011 | D:4      | Reached XP level 6. HP: 47/47 MP: 6/11
  3553 | D:4      | Gained mutation: You are mostly covered in sharp spines.
                  | [demonic ancestry]
  3553 | D:4      | Reached XP level 7. HP: 22/53 MP: 8/13
  3559 | D:4      | Reached skill level 4 in Fighting
  4125 | D:5      | Entered Level 5 of the Dungeon
  4142 | D:5      | Found a staircase to the Ecumenical Temple.
  4165 | Temple   | Entered the Ecumenical Temple
  4574 | D:5      | Found a sacrificial altar of Ru.
  4641 | D:5      | Found a large runed translucent door.
  4641 | D:5      | Found a large runed translucent door.
  5152 | D:5      | Found a hide-covered altar of Uskayaw.
  5168 | D:5      | Found an opulent altar of Gozag.
  5498 | D:6      | Reached skill level 5 in Spellcasting
  5594 | D:6      | Reached skill level 5 in Fighting
  5763 | D:6      | Gained mutation: You are completely covered in sharp
                  | spines. [demonic ancestry]
  5763 | D:6      | Reached XP level 8. HP: 52/62 MP: 1/15
  6157 | D:6      | Reached skill level 6 in Fighting
  6344 | D:6      | Found a radiant altar of Vehumet.
  6350 | D:6      | Became a worshipper of Vehumet
  6991 | D:7      | Reached skill level 1 in Armour
  6991 | D:7      | Reached skill level 5 in Earth Magic
  7035 | D:7      | Gained mutation: You are mostly covered in molten scales.
                  | (AC +3) [demonic ancestry]
  7035 | D:7      | Reached XP level 9. HP: 53/71 MP: 7/18
  7070 | D:7      | Found a flagged portal.
  7179 | Bailey   | Entered a bailey
  7349 | Bailey   | Reached skill level 7 in Fighting
  7563 | Bailey   | Reached * piety under Vehumet
  7563 | Bailey   | Offered knowledge of Foxfire by Vehumet.
  7566 | Bailey   | Noticed Prince Ribbit
  7577 | Bailey   | Killed Prince Ribbit
  7651 | Bailey   | Reached skill level 5 in Conjurations
  7719 | Bailey   | Noticed a vault guard
  7751 | Bailey   | Noticed a vault guard
  7774 | Bailey   | Killed a vault guard
  7775 | Bailey   | Reached skill level 8 in Fighting
  7775 | Bailey   | Reached XP level 10. HP: 32/80 MP: 1/21
  8223 | Bailey   | Killed a vault guard
  8813 | D:7      | Offered knowledge of Static Discharge by Vehumet.
  8817 | D:7      | Learned a level 2 spell: Static Discharge
  8937 | D:8      | Reached ** piety under Vehumet
  9071 | D:8      | Reached skill level 9 in Fighting
  9224 | D:8      | Noticed Gastronok
  9240 | D:8      | Killed Gastronok
  9664 | D:8      | Noticed Erica
  9670 | D:8      | Killed Erica
  9671 | D:8      | Gained mutation: You have a small tail. [demonic ancestry]
  9671 | D:8      | Reached XP level 11. HP: 90/90 MP: 10/24
  9987 | D:8      | Learned a level 4 spell: Flame Wave
 10164 | D:9      | Offered knowledge of Dazzling Flash by Vehumet.
 10529 | D:9      | Reached skill level 1 in Fire Magic
 10899 | D:9      | Reached skill level 10 in Fighting
 11274 | D:10     | Entered Level 10 of the Dungeon
 11410 | D:10     | Noticed Erolcha
 11675 | D:10     | Found a staircase to the Lair.
 11694 | D:10     | Reached *** piety under Vehumet
 11704 | D:10     | Demolished by Erolcha

Illustrated notes

Levels and vault maps discovered:
D:1:      dpeg_arrival_shelter, layout_basic
D:2:      layout_loops_cross
D:3:      layout_basic, shapermc_ecumenical_altar_mp_urbaneastern, uniq_robin
D:4:      minmay_clustersquares, layout_basic, mainiacjoe_overflow_catwalk
D:5:      layout_basic, nicolae_overflow_hidden_temple, jmf_multi_god_temple2,
          minmay_temple_entry_mini_moons, kennysheep_crisscross
D:6:      layout_loops_corners, nicolae_vehumet_altar_sigil,
          minmay_quadrilaterals
D:7:      layout_rooms, enter_bailey_2
D:8:      layout_rooms, chequers_serial_rivers_large_a, hex_intersection,
          minmay_crystal_room, uniq_gastronok, uniq_erica
D:9:      layout_irregular_city
D:10:     layout_long_grid, minmay_lair_entry_grove, hiddenorc1_lemuel,
          uniq_harold, uniq_erolcha
Temple:   nicolae_temple_elliptical

Skill      XL: |  1  2  3  4  5  6  7  8  9 10 11 |
---------------+----------------------------------+-----
Transmutations | 1 2 |  2.4
Stealth        | 2 |  2.0
Dodging        | 2 |  2.0
Earth Magic    | 3 4 5 6 7 |  7.3
Fighting       | 2 3 5 6 8 9 10 | 10.2
Spellcasting   | 3 4 5 6 7 9 |  9.6
Conjurations   | 1 2 4 5 6 |  6.8
Armour         | 1 3 |  3.6
Fire Magic     | 1 |  1.7

Action                   |  1- 3 |  4- 6 |  7- 9 | 10-12 || total
-------------------------+-------+-------+-------+-------++-------
Melee: War axe           |    35 |     9 |       |       ||    44
       Dagger            |       |    53 |    82 |       ||   135
       Punch             |       |     1 |       |       ||     1
       Hand axe          |       |       |     3 |    28 ||    31
       Tailslap          |       |       |       |     2 ||     2
 Cast: Sandblast         |    10 |    25 |    58 |    76 ||   169
       Stone Arrow       |       |    14 |    54 |    89 ||   157
Evoke: Wand              |       |       |     1 |     1 ||     2
  Use: Scroll            |       |       |     1 |     5 ||     6
       Potion            |       |       |       |     1 ||     1
 Stab: Sleeping          |     8 |     2 |     1 |     2 ||    13
Armor: Robe              |    16 |     5 |       |    16 ||    37
       Animal skin       |       |    12 |    41 |       ||    53
       Leather armour    |       |       |     1 |    27 ||    28
Dodge: Dodged            |    28 |    40 |    74 |    65 ||   207
